 Dungeon Sprint DCSS version 0.28.0-47-ge53b351184 (webtiles) character file.

Game seed: 11671782306187030439

1400000 thiscave3701365 the Sorcerer (level 15, -6/120 HPs)
             Began as a Djinni Warper on Apr 29, 2022.
             Was a Priest of Makhleb.
             Mangled by a bag of meat
             ... wielding a +9 war axe
              (28 damage)
             ... in the Dungeon (Sprint VIII: "Arena of Blood").
             The game lasted 00:00:30 (14 turns).

thiscave3701365 the Sorcerer (Djinni Warper)          Turns: 14, Time: 00:00:31

Health: -6/120     AC:  3    Str: 16    XL:     15   Next: 96%
Gold:   0          EV: 19    Int: 15    God:    Makhleb [***...] SH:  0 Dex: 14

rFire   + + .      SeeInvis .   i - +∞ Axe of Woe
rCold   x . .      Faith    .   (shield currently unavailable)
rNeg    . . .      Spirit   .   b - +0 leather armour
rPois   ∞          Reflect  .   (no helmet)
rElec   .          Harm     .   (no cloak)
rCorr   .          Rampage  .   (no gloves)
Will    +....      NoTele   +   (boots unavailable)
Stlth   +.........              (no amulet)
HPRegen 0.30/turn               (no ring)
MPRegen 0.00/turn               (no ring)

@: flying
A: sickness immunity, fire resistance 2, cold vulnerability 1, float, innate
caster, HP casting, extra vitality 1
a: Renounce Religion, Minor Destruction, Lesser Servant of Makhleb


You were in the Dungeon.
You worshipped Makhleb.
Makhleb was most pleased with you.
You visited 1 branch

Inventory:

Hand Weapons
 a - a +0 hand axe
 i - the +∞ Axe of Woe (weapon)
   (You found it in the Dungeon)
Missiles
 d - 5 boomerangs of dispersal (quivered)
Armour
 b - a +0 leather armour (worn)
Scrolls
 c - 2 scrolls of blinking
Potions
 e - a potion of curing
 f - a potion of heal wounds
 g - a potion of haste
 h - a potion of berserk rage


   Skills:
 + Level 15.6 Fighting
 + Level 15.9 Axes
 + Level 5.4 Throwing
 + Level 4.9 Armour
 + Level 16.3 Dodging
 + Level 25.7 Spellcasting


You had 25 spell levels left.
You knew the following spells:

 Your Spells              Type           Power      Damage    Failure   Level
a - Blink                 Tloc           100%       N/A       0%          2
b - Lesser Beckoning      Tloc           77%        N/A       0%          3
c - Gell's Gravitas       Tloc           77%        N/A       0%          3
d - Teleport Other        Tloc           77%        N/A       0%          3
e - Manifold Assault      Tloc           77%        N/A       0%          5
f - Foxfire               Conj/Fire      100%       2x1d9     0%          1
g - Passwall              Tmut/Erth      64%        N/A       0%          2
h - Swiftness             Air            77%        N/A       0%          3
i - Stone Arrow           Conj/Erth      100%       3d13      0%          3
j - Animate Armour        Summ/Erth      100%       N/A       0%          4
k - Summon Mana Viper     Hex/Summ       77%        N/A       0%          5
l - Death Channel         Necr           38%        N/A       0%          6
Your spell library was empty.

Dungeon Overview and Level Annotations

Branches:
Dungeon (1/1)

Altars:
Makhleb


Innate Abilities, Weirdness & Mutations

You are immune to sickness and miasma.
You are immune to poison.
Your flesh is very heat resistant. (rF++)
You are vulnerable to cold. (rC-)
You float through the air rather than walking.
You learn spells naturally, not from books.
Your magical power is your life essence.
You have superior vitality. (+4 MHP)


Message History

Unknown command.
You are too injured to fight recklessly!
You are too injured to fight recklessly!
You slash the bag of meat! You chop the bag of meat into pieces.
You kill the bag of meat!
Makhleb accepts your kill.
You hear a shout!
The meat berserker rages.
You hear a shout! x9
A bag of meat comes into view. It is wielding a +9 war axe.
You hear a shout! x2
Your Fighting skill increases to level 15!
Your Axes skill increases to level 15!
Your Spellcasting skill increases to level 25!
You slash the bag of meat!
You slaughter the bag of meat joyfully.
You kill the bag of meat!
Makhleb accepts your kill.
You feel better.
The meat berserker appears out of thin air!
A meat berserker comes into view. It is wielding a +9 battleaxe.
The bag of meat appears out of thin air!
A bag of meat comes into view. It is wielding a +9 war axe.
The bag of meat shouts!
You hear a shout! x5
The meat berserker hits you with a +9 battleaxe!!!
* * * LOW HITPOINT WARNING * * *
You hear a shout!
A bag of meat comes into view. It is wielding a +9 war axe.
You hear a shout! x4
Your Dodging skill increases to level 16!
You slash the meat berserker!
You pulverise the meat berserker into a thin bloody mist.
You kill the meat berserker!
Makhleb accepts your kill.
You can now summon a lesser servant of Makhleb.
You hear a shout! x10
A bag of meat comes into view. It is wielding a +9 war axe.
The meat berserker closely misses you.
You hear a shout! x3
The bag of meat hits you with a +9 war axe!!
You die...

........###..O...
#........_o....
......#.....#
......#_.<._# .
......#.....#....
#........_.......
.......)###......
...###.OO.O..###.
#)@)....#
#oo.o...#
...........
.....o.......
...............
..........o...#
....#....o...#.
.............#


You could see 3 meat berserkers and 7 bags of meat.

Vanquished Creatures
  5 ogres (D)
  3 orcs (D)
8 creatures vanquished.

Notes
Turn   | Place    | Note
-------+----------+-------------------------------------------
     0 | D        | Found the +∞ Axe of Woe
     0 | D        | thiscave3701365 the Djinni Warper began the quest for the
                  | Orb.
     0 | D        | Reached XP level 1. HP: 18/18 MP: 0/0
     3 | D        | Became a worshipper of Makhleb the Destroyer
     6 | D        | Noticed a bag of meat
     6 | D        | Noticed a meat berserker
     6 | D        | Noticed a meat berserker
     7 | D        | Noticed a bag of meat
     7 | D        | Noticed a meat berserker
     8 | D        | Killed a meat berserker
     8 | D        | Noticed a meat berserker
     8 | D        | Noticed a bag of meat
     9 | D        | Reached skill level 10 in Fighting
     9 | D        | Reached skill level 18 in Spellcasting
     9 | D        | Reached XP level 2. HP: 36/36 MP: 0/0
     9 | D        | Reached XP level 3. HP: 41/41 MP: 0/0
     9 | D        | Learned a level 1 spell: Foxfire
     9 | D        | Reached XP level 4. HP: 47/47 MP: 0/0
     9 | D        | Reached XP level 5. HP: 52/52 MP: 0/0
     9 | D        | Learned a level 2 spell: Passwall
     9 | D        | Reached XP level 6. HP: 58/58 MP: 0/0
     9 | D        | Reached XP level 7. HP: 64/64 MP: 0/0
     9 | D        | Learned a level 3 spell: Swiftness
     9 | D        | Reached XP level 8. HP: 69/69 MP: 0/0
     9 | D        | Reached XP level 9. HP: 75/75 MP: 0/0
     9 | D        | Learned a level 3 spell: Stone Arrow
     9 | D        | Reached XP level 10. HP: 81/81 MP: 0/0
     9 | D        | Reached XP level 11. HP: 86/86 MP: 0/0
     9 | D        | Learned a level 4 spell: Animate Armour
     9 | D        | Reached XP level 12. HP: 92/92 MP: 0/0
     9 | D        | Killed a meat berserker
     9 | D        | Reached * piety under Makhleb
     9 | D        | Killed a meat berserker
     9 | D        | Noticed a bag of meat
     9 | D        | Noticed a meat berserker
     9 | D        | Noticed a bag of meat
    10 | D        | Reached skill level 22 in Spellcasting
    10 | D        | Reached XP level 13. HP: 22/103 MP: 0/0
    10 | D        | Learned a level 5 spell: Summon Mana Viper
    10 | D        | Reached XP level 14. HP: 24/110 MP: 0/0
    10 | D        | Killed a meat berserker
    10 | D        | Killed a bag of meat
    10 | D        | Reached ** piety under Makhleb
    10 | D        | Noticed a meat berserker
    10 | D        | Noticed a meat berserker
    11 | D        | Reached skill level 5 in Throwing
    11 | D        | Reached skill level 15 in Dodging
    11 | D        | Reached skill level 24 in Spellcasting
    11 | D        | Reached XP level 15. HP: 49/118 MP: 0/0
    11 | D        | Learned a level 6 spell: Death Channel
    13 | D        | Reached skill level 15 in Fighting
    13 | D        | Reached skill level 15 in Axes
    13 | D        | Reached skill level 25 in Spellcasting
    14 | D        | Noticed a meat berserker
    14 | D        | Killed a meat berserker
    14 | D        | Reached *** piety under Makhleb
    14 | D        | Mangled by a bag of meat

Illustrated notes

Levels and vault maps discovered:
D:        meatsprint

Skill      XL: |  1  2  3  4  5  6  7  8  9 10 11 12 13 14 15 |
---------------+----------------------------------------------+-----
Fighting       | 10 13 14 15 | 15.6
Axes           | 9 13 14 15 | 15.9
Throwing       | 3 4 5 |  5.4
Armour         | 3 4 |  4.9
Dodging        | 11 14 15 16 | 16.3
Spellcasting   | 18 22 24 25 | 25.7

Action                   |  1- 3 |  4- 6 |  7- 9 | 10-12 | 13-15 || total
-------------------------+-------+-------+-------+-------+-------++-------
Melee: Executioner's axe |     1 |       |       |     1 |     4 ||     6
Dodge: Dodged            |       |       |       |       |     1 ||     1
